 Dungeon Crawl Stone Soup version 0.21.0-3-g78d12a8 (webtiles) character file.

247 komo4ek the Insei (level 5, 0/44 HPs)
             Began as a Draconian Transmuter on Jan 9, 2018.
             Slain by Thaneod's ghost (11 damage)
             ... on level 3 of the Dungeon.
             The game lasted 00:03:57 (1776 turns).

komo4ek the Insei (Draconian Transmuter)            Turns: 1776, Time: 00:03:58

Health: 0/44       AC:  5    Str: 17    XL:     5   Next: 85%
Magic:  9/9        EV: 11    Int: 14    God:
Gold:   45         SH:  0    Dex: 12    Spells: 9/10 levels left

rFire    . . .     SeeInvis .     - Unarmed
rCold    . . .     Gourm    .   (no shield)
rNeg     . . .     Faith    .   (armour unavailable)
rPois    .         Spirit   .   (helmet restricted)
rElec    .         Reflect  .   (no cloak)
rCorr    .         Harm     .   (no gloves)
MR       .....                  (boots currently unavailable)
Stlth    +.........             (no amulet)
HPRegen  0.14/turn              (no ring)
MPRegen  0.11/turn              (no ring)

@: confused, mighty, appendage (expiring), heavily drained
A: unfitting armour, talons 3, cold-blooded, AC +5
a: End Transformation


You were on level 3 of the Dungeon.
You were not hungry.
You had grown temporary talons.
You visited 1 branch of the dungeon, and saw 3 of its levels.

You collected 45 gold pieces.

Inventory:

Missiles
 a - 36 arrows
Scrolls
 e - a scroll of enchant weapon {unknown}
 f - a scroll of teleportation {unknown}
 g - a scroll of fog {unknown}
 i - a scroll of immolation {unknown}
 l - a scroll of remove curse {unknown}
Potions
 k - a potion of curing {unknown}
Books
 b - a book of Changes

   Spells                             Type                      Level
   a - Beastly Appendage              Transmutation                1
   b - Sticks to Snakes               Transmutation                2
   c - Spider Form                    Transmutation/Poison         3
   d - Ice Form                       Ice/Transmutation            4
   e - Blade Hands                    Transmutation                5
Comestibles
 c - 3 rations


   Skills:
 + Level 2.9(1.2) Fighting
 - Level 1.7(0.1) Dodging
 * Level 4.7(2.9) Unarmed Combat
 + Level 3.0(1.3) Spellcasting
 + Level 3.2(1.5) Transmutations


You had 9 spell levels left.
You knew the following spells:

 Your Spells              Type           Power        Failure   Level  Hunger
a - Beastly Appendage     Tmut           #.....       14%         1    ##.....


Dungeon Overview and Level Annotations

Branches:
Dungeon (3/15)

Altars:
Nemelex Xobeh

Annotations:
D:3 Thaneod's ghost, amateur MiAE


Innate Abilities, Weirdness & Mutations

Your plain brown scales are hard. (AC +5)
You cannot fit into any form of body armour.
You are cold-blooded and may be slowed by cold attacks.
You have claws for feet.


Message History

Thaneod's ghost casts a spell at you. The zap hits you!
* * * LOW HITPOINT WARNING * * *
It was a potion of ambrosia.
You are confused.
You feel invigorated.
Thaneod's ghost points at you and mumbles some strange words.
The zap hits you!
* * * LOW HITPOINT WARNING * * *
It was a potion of might.
You feel very mighty all of a sudden. Thaneod's ghost hits you.
* * * LOW HITPOINT WARNING * * *
You feel drained.
* * * LOW HITPOINT WARNING * * *
You bump into the tree.
Thaneod's ghost misses you.
You closely miss Thaneod's ghost. Your kick misses Thaneod's ghost.
Thaneod's ghost is heavily damaged.
Thaneod's ghost hits you!
You die...

#.# #......♣ #.# #♣.....♣
#.# ##♣♣....♣ #.#
#.♣.....♣
##.########.#......♣♣
#...)......##.......♣♣♣♣♣
#.......#.#[#.....^......
#...#.....)[†...♣♣.......
###.#####.###..W@♣.......
#.#####.# ##...........
#.......# ##.......)♣.
######### ####....♣♣
####.# .# .


You could see Thaneod's ghost.

Vanquished Creatures
  Sigmund (D:2)
  Terence (D:2)
  An adder (D:3)
  An ooze (D:2)
  2 worms
  2 dart slugs
  3 orcs (D:3)
  3 bats
  3 giant cockroaches
  5 hobgoblins
  4 jackals (D:2)
  A kobold (D:1)
  A ball python (D:1)
  2 frilled lizards (D:1)
  3 goblins
  A rat (D:2)
34 creatures vanquished.

Notes
Turn   | Place    | Note
-------+----------+-------------------------------------------
     0 | D:1      | komo4ek the Draconian Transmuter began the quest for the Orb.
     0 | D:1      | Reached XP level 1. HP: 16/16 MP: 3/3
   389 | D:1      | Reached XP level 2. HP: 20/23 MP: 3/5
   781 | D:2      | Noticed Sigmund
   808 | D:2      | Killed Sigmund
   808 | D:2      | Reached skill level 4 in Unarmed Combat
   808 | D:2      | Reached XP level 3. HP: 30/30 MP: 5/7
   808 | D:2      | Reached XP level 4. HP: 37/37 MP: 5/8
   808 | D:2      | Reached XP level 5. HP: 42/42 MP: 5/9
   956 | D:2      | Noticed Terence
   971 | D:2      | Killed Terence
  1162 | D:2      | Found a sparkling altar of Nemelex Xobeh.
  1755 | D:3      | Noticed Thaneod's ghost (amateur MiAE)
  1773 | D:3      | HP: 1/44 [Thaneod's ghost/zap (9)]
  1776 | D:3      | Slain by Thaneod's ghost

Skill      XL: |  1  2  3  4  5 |
---------------+----------------+-----
Fighting       | 2 |  2.9
Unarmed Combat | 4 |  4.7
Transmutations | 3 |  3.2
Spellcasting   | 3 |  3.0
Dodging        | |  1.7

Action                   |  1- 3 |  4- 6 || total
-------------------------+-------+-------++-------
Melee: Unarmed           |    57 |    80 ||   137
       Tailslap          |     4 |     8 ||    12
       Kick              |     6 |     6 ||    12
       Punch             |     2 |     2 ||     4
       Headbutt          |       |     5 ||     5
 Cast: Beastly Appendage |     3 |     6 ||     9
  Use: Potion            |       |     3 ||     3
 Stab: Distracted        |       |     1 ||     1
  Eat: Ration            |       |     1 ||     1
Armor: Skin              |    17 |    20 ||    37
Dodge: Dodged            |    30 |    45 ||    75
